 Dungeon Crawl Stone Soup version 0.30.1-3-gfc49f6343a (webtiles) character file.

Game seed: 18174180091572470054

1324 Babbit the Geomancer (level 8, -25/42 HPs)
             Began as a Gargoyle Earth Elementalist on July 20, 2023.
             Killed by an exploding adder (35 damage)
             ... ignited by their inner flame
             ... on level 5 of the Dungeon.
             The game lasted 00:46:47 (3450 turns).

Babbit the Geomancer (Gargoyle Earth Elementalist)  Turns: 3450, Time: 00:46:47

Health: -25/42     AC: 11    Str: 13    XL:     8   Next: 60%
Magic:  16/18      EV: 12    Int: 17    God:
Gold:   103        SH:  0    Dex: 10    Spells: 16/20 levels left

rFire   . . .        d - staff of conjuration
rCold   . . .        (no shield)
rNeg    + . .        a - +0 robe
rPois   ∞            i - +2 hat
rElec   +            (no cloak)
rCorr   .            (no gloves)
SInv    .            g - +1 pair of boots
Will    .....        f - amulet of magic regeneration
Stlth   ++           (no ring)
HPRegen 0.27/turn    (no ring)
MPRegen 0.56/turn

%: no passive effects
@: weakened, attractive
A: sickness immunity, AC +5, negative energy resistance 1, electricity
resistance, torment resistance 1, petrification resistance
a: no special abilities


You were on level 5 of the Dungeon.
You visited 2 branches of the dungeon, and saw 6 of its levels.

You collected 253 gold pieces.
You spent 150 gold pieces at shops.

Inventory:

Armour
 a - a +0 robe (worn)
 g - a +1 pair of boots (worn)
 i - a +2 hat (worn)
Magical Staves
 d - a staff of conjuration (weapon)
Jewellery
 f - an amulet of magic regeneration (around neck)
Wands
 c - a wand of mindburst (15)
 h - a wand of iceblast (14)
Scrolls
 j - 2 scrolls of magic mapping
 q - a scroll of blinking {unknown}
Potions
 b - a potion of magic
 e - a potion of ambrosia {unknown}
 l - 3 potions of mutation
 n - a potion of haste {unknown}
 p - a potion of attraction
 r - 2 potions of lignification {unknown}


   Skills:
 + Level 0.5 Fighting
 + Level 0.3 Staves
 + Level 2.5 Dodging
 + Level 2.8 Stealth
 + Level 0.6 Unarmed Combat
 + Level 6.9 Spellcasting
 + Level 0.7 Transmutations
 + Level 8.5 Earth Magic


You had 16 spell levels left.
You knew the following spells:

 Your Spells              Type           Power      Damage    Failure   Level
a - Sandblast             Erth           68%        2d15      1%          1
b - Stone Arrow           Conj/Erth      60%        3d10      6%          3

Your spell library contained the following spells:

 Spells                   Type           Power      Damage    Failure   Level
 Passwall                 Tmut/Erth      17%        N/A       2%          2
 Petrify                  Tmut/Erth      21%        N/A       17%         4
 Blink                    Tloc           10%        N/A       19%         2
 Lesser Beckoning         Tloc           10%        N/A       19%         2
 Momentum Strike          Conj/Tloc      16%        3d8       19%         2


Dungeon Overview and Level Annotations

Branches:
Dungeon (5/15)             Temple (1/1) D:5

Altars:
Ashenzari
Dithmenos
Elyvilon
Fedhas
Gozag
Kikubaaqudgha
Makhleb
Nemelex Xobeh
Okawaru
Qazlal
Ru
Sif Muna
Trog
Wu Jian
Xom
Yredelemnul
The Shining One

Shops:
D:2 *   D:4 *


Innate Abilities, Weirdness & Mutations

You are immune to sickness and miasma.
Your stone body is resilient. (AC +5)
You are immune to poison.
You resist negative energy. (rN+)
You are resistant to electric shocks. (rElec)
You are resistant to unholy torment.
You are immune to petrification.


Message History

The water moccasin bites you but does no damage.
The adder bites you but does no damage.
The gnoll bouda hits you with a +0 club!
* * * LOW HITPOINT WARNING * * *
The water moccasin barely misses you. The adder bites you but does no damage.
You closely miss the gnoll bouda.
The gnoll bouda is severely wounded.
The water moccasin bites you but does no damage.
The gnoll bouda hits you with a +0 club.
* * * LOW HITPOINT WARNING * * *
The adder bites you but does no damage.
The water moccasin bites you but does no damage.
You closely miss the gnoll bouda.
The gnoll bouda is severely wounded.
The adder bites you but does no damage.
The gnoll bouda mumbles some strange prayers to its god.
The gnoll bouda is healed somewhat.
The water moccasin bites you but does no damage.
The adder misses you.
Casting: Sandblast (safe; 1% risk of failure)
Confirm with . or Enter, or press ? or * to list all spells.
Aiming: Sandblast (safe; 1% risk of failure)
Press: ? - help, Shift-Dir - straight line, f/p - adder
Aim: an adder (heavily wounded, inner flame, 73% to hit)
The blast of sand misses the adder.
The water moccasin misses you. The gnoll bouda misses you.
The adder closely misses you. The water moccasin barely misses you.
The gnoll bouda hits you but does no damage.
Casting: Sandblast (safe; 1% risk of failure)
Confirm with . or Enter, or press ? or * to list all spells.
Aiming: Sandblast (safe; 1% risk of failure)
Press: ? - help, Shift-Dir - straight line, f/p - adder
Aim: an adder (heavily wounded, inner flame, 73% to hit)
The blast of sand hits the adder!
The adder explodes!
The fiery explosion engulfs the water moccasin!!
The fiery explosion engulfs the gnoll bouda!!
The fiery explosion engulfs you!!
Ouch! That really hurt!
You die...

##.8.###...###...##### ..
#.........#..........
..##.....†...#..........
#.......).....#..........
#.............#..........
#........................
##.#.#.#.#.#.#.#..####..#
#.....))......#..# #..#
....⌠§§@..⌠....... ....
.....§§§.......>
#...⌠§§§..⌠....
#..)...........
..#.#.#.#.#.#..
...............
...............
...............


There were no monsters in sight!

Vanquished Creatures
  The ghost of bahustanut the Grave Robber, an amateur HuNe (D:4)
  3 water moccasins (D:5)
  A black bear (D:4)
  A centaur (D:5)
  An ogre (D:4)
  2 kobold brigands
  A gnoll sergeant (D:5)
  2 scorpions (D:4)
  A gnoll bouda (D:5)
  4 hounds
  An orc wizard (D:4)
  9 gnolls
  4 adders
  3 dart slugs
  7 orcs
  13 endoplasms
  5 giant cockroaches
  5 goblins
  8 hobgoblins
  6 quokkas
  7 ball pythons
  6 bats
  3 frilled lizards
  15 kobolds
  6 rats
115 creatures vanquished.

Notes
Turn   | Place    | Note
-------+----------+-------------------------------------------
     0 | D:1      | Babbit the Gargoyle Earth Elementalist began the quest for
                  | the Orb.
     0 | D:1      | Reached XP level 1. HP: 10/10 MP: 3/3
   312 | D:1      | Reached XP level 2. HP: 13/15 MP: 0/5
   719 | D:1      | Reached skill level 4 in Earth Magic
   723 | D:1      | Reached XP level 3. HP: 19/19 MP: 3/6
  1193 | D:2      | Reached XP level 4. HP: 24/24 MP: 6/8
  1271 | D:2      | Found Ruped's General Store.
  1313 | D:2      | Bought a potion of heal wounds for 60 gold pieces
  2248 | D:3      | Noticed a kobold brigand
  2263 | D:3      | Killed a kobold brigand
  2264 | D:3      | Reached skill level 5 in Earth Magic
  2264 | D:3      | Reached XP level 5. HP: 24/28 MP: 8/10
  2408 | D:4      | Noticed a black bear
  2412 | D:4      | Killed a black bear
  2413 | D:4      | Reached XP level 6. HP: 32/32 MP: 9/12
  2463 | D:4      | Found a runed translucent gate.
  2464 | D:4      | Found a runed translucent gate.
  2464 | D:4      | Noticed bahustanut's ghost (amateur HuNe)
  2465 | D:4      | Found a runed translucent gate.
  2504 | D:4      | Reached skill level 6 in Earth Magic
  2520 | D:4      | Killed bahustanut's ghost
  2521 | D:4      | Reached skill level 5 in Spellcasting
  2521 | D:4      | Reached XP level 7. HP: 35/37 MP: 5/14
  2541 | D:4      | Learned a level 3 spell: Stone Arrow
  2575 | D:4      | Reached skill level 7 in Earth Magic
  2775 | D:4      | Found Fiuntizo's General Store.
  2776 | D:4      | Found a sparkling altar of Nemelex Xobeh.
  2879 | D:4      | Bought a scroll of enchant armour for 90 gold pieces
  3015 | D:4      | Reached XP level 8. HP: 42/42 MP: 14/16
  3041 | D:5      | Entered Level 5 of the Dungeon
  3065 | D:5      | Found a staircase to the Ecumenical Temple.
  3076 | Temple   | Entered the Ecumenical Temple
  3392 | D:5      | Found a white marble altar of Elyvilon.
  3429 | D:5      | Reached skill level 8 in Earth Magic
  3450 | D:5      | Killed by an exploding adder... ignited by their inner
                  | flame

Illustrated notes

Levels and vault maps discovered:
D:1:      wheals_arrival_linesprint, layout_basic
D:2:      layout_rooms, serial_shops,
          nicolae_shop_temple_entry_statues_fountains
D:3:      layout_basic, minmay_circle_x
D:4:      layout_rooms, nemelex_xobeh_ov_fountains_minmay,
          gammafunk_ghost_nasty_kobolds, serial_shops, shop
D:5:      layout_gridville, elyvilon_altar_5,
          minmay_temple_entry_statues_pillars, serial_glass, glass_columns_b,
          glass_columns_c, uniq_pikel, uniq_ijyb
Temple:   bh_familiar_temple

Skill      XL: |  1  2  3  4  5  6  7  8 |
---------------+-------------------------+-----
Earth Magic    | 4 5 6 7 8 |  8.5
Dodging        | 2 |  2.5
Spellcasting   | 3 4 5 6 |  6.9
Fighting       | |  0.5
Staves         | |  0.3
Stealth        | |  2.8
Unarmed Combat | |  0.6
Transmutations | |  0.7

Action                     |  1- 3 |  4- 6 |  7- 9 || total
---------------------------+-------+-------+-------++-------
  Melee: Staff             |    15 |    12 |     2 ||    29
         Unarmed           |     5 |       |       ||     5
   Cast: Sandblast         |    53 |    90 |    57 ||   200
    Use: Scroll            |     2 |     3 |     4 ||     9
         Potion            |       |     1 |     6 ||     7
 Armour: Robe              |    15 |    37 |    37 ||    89
  Dodge: Dodged            |    32 |    46 |    59 ||   137
